 Dungeon Crawl Stone Soup version 0.27-a0-760-gc38aae387d (webtiles) character file.

Game seed: 9055251562981258114

24 FessEmpty the Skirmisher (level 2, -1/27 HPs)
             Began as a Draconian Berserker on Mar 24, 2021.
             Was a Believer of Trog.
             Slain by a rat (3 damage)
             ... on level 1 of the Dungeon.
             The game lasted 00:10:38 (812 turns).

FessEmpty the Skirmisher (Draconian Berserker)       Turns: 812, Time: 00:10:39

Health: -1/27      AC:  4    Str: 19    XL:     2   Next: 79%
Magic:  2/2        EV: 12    Int:  7    God:    Trog [**....]
Gold:   42         SH:  0    Dex: 10    Spells: 1/1 levels left

rFire    . . .     SeeInvis .   a - +0 hand axe
rCold    . . .     Faith    .   (no shield)
rNeg     . . .     Spirit   .   (armour unavailable)
rPois    .         Reflect  .   (helmet restricted)
rElec    .         Harm     .   (no cloak)
rCorr    .         Rampage  .   (no gloves)
Will     .....                  (no boots)
Stlth    +.........             (no amulet)
HPRegen  0.09/turn              (no ring)
MPRegen  0.08/turn              (no ring)

@: no status effects
A: AC +4, unfitting armour, cold-blooded
a: Renounce Religion, Berserk, Trog's Hand


You were on level 1 of the Dungeon.
You worshipped Trog.
Trog was pleased with you.
You visited 1 branch of the dungeon, and saw 1 of its levels.

You collected 42 gold pieces.

Inventory:

Hand Weapons
 a - a +0 hand axe (weapon)
Scrolls
 b - 2 scrolls of identify {unknown}
Potions
 c - a potion of invisibility {unknown}
 d - a potion of brilliance {unknown}


   Skills:
 + Level 3.7 Fighting
 + Level 3.4 Axes
 + Level 3.0 Dodging


You had one spell level left.
You didn't know any spells.
Your spell library was empty.

Dungeon Overview and Level Annotations

Branches:
Dungeon (1/15)

Altars:


Innate Abilities, Weirdness & Mutations

Your plain brown scales are hard. (AC +4)
You cannot fit into any form of body armour.
You are cold-blooded and may be slowed by cold attacks.


Message History

The rat closely misses you. The rat barely misses you.
The rat closely misses you. The rat barely misses you.
The rat bites you but does no damage. The rat barely misses you.
The rat misses you. The rat misses you. The rat closely misses you.
The rat misses you. The rat bites you.
* * * LOW HITPOINT WARNING * * *
The rat misses you. The rat barely misses you. The rat completely misses you.
The rat closely misses you. The rat bites you but does no damage.
The rat bites you but does no damage. The rat bites you but does no damage.
The rat bites you but does no damage. The rat barely misses you.
The rat closely misses you. The rat bites you.
* * * LOW HITPOINT WARNING * * *
The rat bites you but does no damage. The rat bites you but does no damage.
The rat barely misses you. The rat bites you but does no damage.
The rat bites you.
* * * LOW HITPOINT WARNING * * *
The rat barely misses you. The rat barely misses you.
The rat barely misses you. The rat closely misses you.
The rat barely misses you. The rat barely misses you.
The rat bites you but does no damage. The rat misses you. The rat bites you.
You die...

#.....##
#.......#
#######
#^......######
#....#
#.......#....#
#....#
#............#
#....##
#............#
#......
+............#
#....##
#......r...#
#....#
#......@##.#
#....#
#.......##.#
###'##
....$......#
#.#
#########..#
#.# #..# #.#
#..# #.#
######..# #.#
........# #.#
#######.# #.#


You could see a rat.

Vanquished Creatures
  A dart slug (D:1)
  6 ball pythons (D:1)
  An endoplasm (D:1)
  3 goblins (D:1)
  2 hobgoblins (D:1)
  2 jackals (D:1)
  5 kobolds (D:1)
20 creatures vanquished.

Notes
Turn   | Place    | Note
-------+----------+-------------------------------------------
     0 | D:1      | FessEmpty the Draconian Berserker began the quest for the
                  | Orb.
     0 | D:1      | Reached XP level 1. HP: 19/19 MP: 1/1
   238 | D:1      | Reached XP level 2. HP: 26/26 MP: 2/2
   635 | D:1      | Reached ** piety under Trog
   775 | D:1      | HP: 1/27 [rat (2)]
   787 | D:1      | HP: 1/27 [rat (1)]
   798 | D:1      | HP: 1/27 [rat (1)]
   803 | D:1      | HP: 1/27 [rat (1)]
   812 | D:1      | Slain by a rat

Illustrated notes

Levels and vault maps discovered:
D:1:      tarquinn_simple_flora_water_f, layout_basic, hangedman_decor_lopped

Skill      XL: |  1  2 |
---------------+-------+-----
Dodging        | 3 |  3.0
Fighting       | |  3.7
Axes           | |  3.4

Action                   || total
-------------------------++-------
Melee: Hand axe          ||    41
       Tailslap          ||    11
Invok: Berserk           ||     5
Armor: Skin              ||    56
Dodge: Dodged            ||   136

Table legend: (Time is in decaauts)
 A = Elapsed time spent in this place.
 B = Non-inter-level travel time spent in this place.
 C = Inter-level travel time spent in this place.
 D = Time resting spent in this place.
 E = Time spent auto-exploring this place.
 F = Levels seen in this place.
 G = Mean time per level.
                   A        B        C        D        E       F      G
               +--------+--------+--------+--------+--------+-----+--------+
         Total |    868 |    868 |      0 |     24 |    549 |   1 |  868.0 |
       Dungeon |    868 |    868 |      0 |     24 |    549 |   1 |  868.0 |
               +--------+--------+--------+--------+--------+-----+--------+

Top non-repeatable levels by time:
     D:1: 868 daAuts
